Map: Prion Terraces

Players

Deagor - Winner!

  • Race: Terran Terran
  • League: Platinum

IgyDrop

  • Race: Zerg Zerg
  • League: Platinum

VOD

Have the link to the VOD?

Description

Time

  • Played on: Jan. 13, 2016, 8:07 p.m.
  • Length: 5:35
Show
View Real Time Build Order
Export as new Build Order

Deagor Terran - Winner!

Build Orders:  

Get SALT Encoding   

  12  0:00  SCV  
  13  0:12  SCV  
  14  0:18  Supply Depot  
  14  0:27  SCV  
  15  0:39  SCV  
  15  0:40  Barracks  
  16  0:46  Refinery  
  16  0:52  SCV  
  17  1:04  SCV  
  18  1:16  SCV  
  19  1:31  Barracks x2  
  19  1:32  Barracks Reactor  
  19  1:35  SCV  
  20  1:43  Refinery  
  20  1:49  Orbital Command  
  20  2:01  Supply Depot  
  20  2:14  Marine  
  20  2:15  Marine  
  22  2:17  Supply Depot  
  22  2:20  Barracks Tech Lab  
  22  2:23  Barracks Reactor  
  22  2:27  SCV  
  23  2:33  Marine  
  23  2:35  Marine  
  25  2:44  Stimpack  
  25  2:45  Marine  
  26  2:59  Marine x3  
  26  3:00  Marine  
  30  3:10  Marine  
  31  3:15  Supply Depot  
  31  3:17  Marine  
  32  3:20  Marine x3  
  35  3:30  Marauder  
  37  3:37  Marine  
  37  3:38  Supply Depot, Marine  
  37  3:39  Marine x2  
  41  3:56  Marine x2  
  41  3:57  Marine x2  
  41  3:58  Marauder  
  41  4:00  Supply Depot  
  47  4:17  Marine  
  47  4:20  Command Center  
  48  4:36  Marine  
  48  4:37  Marine x3  
  48  4:38  Marauder  
  54  4:41  SCV  
  55  4:54  Marine x2  
Show
View Real Time Build Order
Export as new Build Order

IgyDrop Zerg 

Build Orders: Hatch First 

Get SALT Encoding   

  12  0:01  Drone  
  13  0:15  Drone  
  14  0:38  Overlord  
  14  0:57  Drone  
  14  0:59  Hatchery  
  14  1:00  Drone x2  
  16  1:05  Extractor  
  16  1:09  Drone  
  16  1:18  Spawning Pool  
  15  1:20  Drone  
  16  1:31  Drone  
  17  1:42  Drone  
  18  1:52  Drone  
  19  2:09  Overlord  
  19  2:17  Queen x2  
  19  2:18  Zergling x4  
  25  2:25  Drone x2  
  27  2:36  Drone x2  
  29  2:38  Metabolic Boost  
  29  2:59  Queen  
  29  3:00  Overlord x2  
  29  3:02  Drone x2  
  33  3:10  Overlord  
  33  3:19  Drone x3  
  36  3:34  Drone x2, Extractor  
  36  3:35  Drone, Extractor  
  36  3:36  Drone  
  36  3:37  Hatchery  
  36  3:40  Extractor  
  36  3:43  Lair  
  36  3:46  Drone  
  37  3:48  Drone  
  37  3:52  Zergling x2  
  37  3:53  Zergling x2  
  40  4:02  Spore Crawler, Spine Crawler  
  39  4:06  Spore Crawler  
  39  4:09  Drone x2  
  39  4:10  Drone  
  40  4:24  Zergling x12  
  43  4:35  Baneling Nest  
  42  4:46  Zergling x6  
  42  4:48  Overlord  
  42  4:55  Spine Crawler  
  41  5:01  Zergling x4  
  41  5:02  Zergling x2  
Tags
 
Add a new tag
Caveats
  • Supply blocks, unpowered buildings, or Contaminate may cause inaccurate times.
  • Supply counts are checked every 10 seconds.